 Dungeon Crawl Stone Soup version 0.26.1-11-gd32895ea62 (webtiles) character file.

Game seed: 3944409842260891707

5333 Jerry the Grappler (level 10, 0/100 HPs)
             Began as a Troll Hunter on June 12, 2021.
             Slain by a troll (6 damage)
             ... on level 10 of the Dungeon on June 13, 2021.
             The game lasted 00:26:44 (8723 turns).

Jerry the Grappler (Troll Hunter)                   Turns: 8723, Time: 00:26:44

Health: 0/100      AC:  7    Str: 24    XL:     10   Next: 38%
Magic:  9/9        EV: 12    Int:  7    God:
Gold:   572        SH:  4    Dex: 11    Spells: 9/9 levels left

rFire    . . .     SeeInvis .     - Unarmed
rCold    + . .     Faith    .   (no shield)
rNeg     . . .     Spirit   .   b - +0 robe
rPois    .         Reflect  .   (helmet restricted)
rElec    .         Harm     .   r - +1 cloak
rCorr    .         Rampage  .   (gloves unavailable)
Will     .....                  (boots unavailable)
Stlth    ++........             (no amulet)
HPRegen  0.66/turn              p - ring of stealth
MPRegen  0.11/turn              u - ring of protection from cold

@: about to teleport
A: large, unfitting armour, claws 3, large bone plates 1, deformed body,
regeneration 1, shaggy fur 1, tough skin 3
a: no special abilities


You were on level 10 of the Dungeon.
You visited 2 branches of the dungeon, and saw 11 of its levels.
You also visited: Ossuary.

You collected 572 gold pieces.

Inventory:

Missiles
 c - 5 large rocks (quivered)
 d - 5 throwing nets
Armour
 b - a +0 robe (worn)
 l - a +0 kite shield
 r - a +1 cloak (worn)
Jewellery
 p - a ring of stealth (left claw)
 s - an uncursed ring of fire
 u - a ring of protection from cold (right claw)
 D - an uncursed ring of magical power
Wands
 h - a wand of iceblast (11)
 n - a wand of paralysis (19)
 w - a wand of acid (1)
 B - a wand of polymorph (24)
Scrolls
 e - 2 scrolls of teleportation
 g - 4 scrolls of magic mapping
 k - 9 scrolls of identify
 m - 11 scrolls of remove curse
 t - a scroll of random uselessness {unknown}
 v - 2 scrolls of enchant armour
 y - a scroll of fear
 E - a scroll of blinking
Potions
 a - a potion of ambrosia
 f - 3 potions of mutation
 i - 2 potions of flight
 j - 10 potions of curing
 o - a potion of cancellation {unknown}
 q - 3 potions of haste
 x - a potion of lignification {unknown}
 z - a potion of heal wounds
 A - a potion of might
 C - 3 potions of magic


   Skills:
 + Level 6.4 Fighting
 + Level 5.7 Throwing
 + Level 6.1 Dodging
 - Level 0.3 Stealth
 * Level 10.5 Unarmed Combat


You had 9 spell levels left.
You didn't know any spells.
Your spell library contained the following spells:

 Spells                   Type           Power        Failure   Level
 Foxfire                  Conj/Fire      0%           43%         1
 Magic Dart               Conj           0%           43%         1
 Blink                    Tloc           N/A          56%         2
 Call Imp                 Summ           0%           56%         2
 Slow                     Hex            0%           56%         2
 Conjure Flame            Conj/Fire      0%           80%         3
 Inner Flame              Hex/Fire       0%           80%         3
 Mephitic Cloud           Conj/Pois/Air  0%           80%         3
 Sticky Flame             Conj/Fire      0%           99%         4
 Fireball                 Conj/Fire      0%           100%        5


Dungeon Overview and Level Annotations

Branches:
Dungeon (10/15)            Temple (1/1) D:7         Ossuary (visited)
   Lair: D:8-11         Orc: D:9-12

Altars:
Ashenzari
Cheibriados
Dithmenos
Elyvilon
Fedhas
Gozag
Hepliaklqana
Kikubaaqudgha
Makhleb
Nemelex Xobeh
Okawaru
Qazlal
Ru
Sif Muna
Trog
Uskayaw
Vehumet
Wu Jian
Xom
Yredelemnul
Zin
The Shining One

Shops:
D:5 ![}[


Innate Abilities, Weirdness & Mutations

You are too large for most types of armour.
You have claws for hands.
Your natural rate of healing is unusually fast.
You are covered in fur. (AC +1)
You have extremely tough skin. (AC +3)
You are partially covered in large bone plates. (SH +4)
Armour fits poorly on your strangely shaped body.


Message History

You are too injured to fight recklessly!
You barely miss the troll.
The troll is heavily wounded.
The troll bites you! The troll claws you!
* * * LOW HITPOINT WARNING * * *
The troll claws you.
* * * LOW HITPOINT WARNING * * *
Something hits you!
* * * LOW HITPOINT WARNING * * *
Something hits you.
* * * LOW HITPOINT WARNING * * *
You see here a potion of mutation.
Something hits you.
* * * LOW HITPOINT WARNING * * *
Something hits you but does no damage.
As you read the scroll of teleportation, it crumbles to dust.
You feel strangely unstable. Something hits you.
* * * LOW HITPOINT WARNING * * *
The troll bites you.
You die...

.........#
#.....$.#
#.......#
#.......#
#.......#
.##.......#
..........#
.......T!.#
........@.#
..........#
...#####..#
...#...#..######
.. #...#.......#
$. #...........#
...+...#.......#
..<#####.......#
........)......#


You could see a troll.

Vanquished Creatures
  Joseph (D:7)
  4 yaks
  Menkaure (D:7)
  2 orc warriors
  4 sky beasts
  A black bear (D:7)
  Duvessa (D:4)
  3 phantoms
  2 ice beasts
  3 ogres
  A necrophage (D:6)
  4 centaurs
  A big kobold (D:7)
  4 bullfrogs
  Dowan (D:4)
  A water moccasin zombie (Ossuary)
  A wyvern zombie (D:9)
  2 scorpions (D:7)
  A wyvern skeleton (D:7)
  5 wights (D:10)
  A howler monkey (D:4)
  A centaur zombie (D:8)
  A quasit (D:9)
  A jelly (D:5)
  2 centaur skeletons
  6 orc priests
  3 hounds (D:10)
  A bullfrog skeleton (D:5)
  6 orc wizards
  4 iguanas
  5 worker ants
  A statue (D:4)
  A killer bee zombie (D:9)
  3 big kobold zombies (Ossuary)
  A hound zombie (D:5)
  A hound skeleton (D:6)
  2 mummies (Ossuary)
  2 worker ant zombies
  A howler monkey skeleton (D:10)
  10 adders
  3 gnolls (D:2)
  2 shadow imps
  3 white imps
  4 ufetubi
  2 oozes
  5 adder zombies
  An adder skeleton (D:9)
  4 worms
  A leopard gecko (D:6)
  17 orcs
  3 giant cockroaches
  5 gnoll zombies
  7 goblins
  11 hobgoblins
  19 jackals
  A ball python (D:1)
  9 bats
  7 frilled lizards
  5 hobgoblin zombies (Ossuary)
  13 kobolds
  11 kobold zombies (Ossuary)
  7 orc zombies (Ossuary)
  A quokka zombie (D:5)
  9 rats
246 creatures vanquished.

Notes
Turn   | Place    | Note
-------+----------+-------------------------------------------
     0 | D:1      | Jerry the Troll Hunter began the quest for the Orb.
     0 | D:1      | Reached XP level 1. HP: 19/19 MP: 0/0
     3 | D:1      | Noticed a minotaur
     3 | D:1      | Noticed an octopode
     5 | D:1      | Noticed a vampire
     5 | D:1      | Noticed a spriggan
     7 | D:1      | Noticed a centaur
     7 | D:1      | Noticed a formicid
     9 | D:1      | Noticed a troll
    11 | D:1      | Noticed a halfling
    13 | D:1      | Noticed a felid
    13 | D:1      | Noticed a merfolk
    15 | D:1      | Noticed an elf
    15 | D:1      | Noticed a human
    17 | D:1      | Noticed a draconian
    17 | D:1      | Noticed a demigod
    19 | D:1      | Noticed a naga
    21 | D:1      | Noticed a vine stalker
    21 | D:1      | Noticed an ogre
    23 | D:1      | Noticed a tengu
    26 | D:1      | Noticed a demonspawn
    26 | D:1      | Noticed a dwarf
    28 | D:1      | Noticed a gargoyle
    28 | D:1      | Noticed a ghoul
    97 | D:1      | Reached skill level 1 in Unarmed Combat
   315 | D:1      | Reached XP level 2. HP: 24/28 MP: 1/1
   759 | D:2      | Reached skill level 2 in Unarmed Combat
   762 | D:2      | Reached XP level 3. HP: 31/35 MP: 2/2
   853 | D:2      | Reached XP level 4. HP: 30/42 MP: 3/3
   858 | D:2      | Found a hazy altar of Hepliaklqana.
   972 | D:2      | Reached skill level 3 in Unarmed Combat
  1128 | D:2      | Found a glowing silver altar of Zin.
  1307 | D:2      | Found a glowing golden altar of the Shining One.
  1315 | D:2      | Found a stormy altar of Qazlal.
  1315 | D:2      | Found a broken altar of Ashenzari.
  1323 | D:2      | Found a sacrificial altar of Ru.
  1323 | D:2      | Found an ancient bone altar of Kikubaaqudgha.
  1323 | D:2      | Found a shimmering altar of Xom.
  1934 | D:3      | Reached XP level 5. HP: 50/50 MP: 4/4
  2377 | D:3      | Found an iron altar of Okawaru.
  2463 | D:4      | Noticed Duvessa
  2463 | D:4      | Noticed Dowan
  2639 | D:4      | Killed Duvessa
  2640 | D:4      | Reached skill level 4 in Unarmed Combat
  2640 | D:4      | Reached XP level 6. HP: 39/59 MP: 5/5
  2644 | D:4      | Killed Dowan
  2679 | D:4      | Found a stormy altar of Qazlal.
  2786 | D:4      | Reached skill level 5 in Unarmed Combat
  2870 | D:4      | Found a hide-covered altar of Uskayaw.
  3008 | D:4      | Found a radiant altar of Vehumet.
  3019 | D:4      | Reached XP level 7. HP: 31/67 MP: 6/6
  3259 | D:4      | Found a basalt altar of Yredelemnul.
  3311 | D:5      | Entered Level 5 of the Dungeon
  3633 | D:5      | Found Neoroh's Armour Boutique.
  3637 | D:5      | Found Leamease's Antique Armour Boutique.
  3638 | D:5      | Found Giothrunt's Distillery.
  3641 | D:5      | Found Vesy's Gadget Boutique.
  3647 | D:5      | Reached skill level 6 in Unarmed Combat
  4314 | D:6      | Reached XP level 8. HP: 73/78 MP: 7/7
  4570 | D:6      | Reached skill level 7 in Unarmed Combat
  4892 | D:6      | Found a burning altar of Makhleb.
  5173 | D:7      | Reached skill level 8 in Unarmed Combat
  5199 | D:7      | Found a shimmering blue altar of Sif Muna.
  5282 | D:7      | Found a staircase to the Ecumenical Temple.
  5292 | Temple   | Entered the Ecumenical Temple
  5440 | D:7      | Noticed Joseph
  5446 | D:7      | Gained mutation: Armour fits poorly on your strangely
                  | shaped body. [potion of mutation]
  5446 | D:7      | Gained mutation: You are partially covered in large bone
                  | plates. (SH +4) [potion of mutation]
  5455 | D:7      | HP: 3/79 [Joseph/+1 spectral quarterstaff (6)]
  5457 | D:7      | Killed Joseph
  5458 | D:7      | Reached skill level 5 in Fighting
  5458 | D:7      | Reached XP level 9. HP: 4/88 MP: 8/8
  5597 | D:7      | Found a snail-covered altar of Cheibriados.
  5615 | D:7      | Noticed Menkaure
  5621 | D:7      | Killed Menkaure
  5819 | D:7      | Found a sand-covered staircase.
  5826 | Ossuary  | Entered an ossuary
  6145 | D:7      | Reached skill level 5 in Dodging
  6186 | D:7      | Reached skill level 9 in Unarmed Combat
  6523 | D:7      | Found a shimmering blue altar of Sif Muna.
  6578 | D:8      | Identified the +9 dagger "Noezitem" {vorpal, rC- Str+4
                  | Int+5 Stlth+}
  6719 | D:8      | Found an opulent altar of Gozag.
  6942 | D:8      | Found an iron altar of Okawaru.
  7217 | D:9      | Found a sacrificial altar of Ru.
  7419 | D:9      | Noticed a centaur warrior
  7420 | D:9      | Noticed a troll
  7736 | D:9      | Reached skill level 5 in Throwing
  8013 | D:10     | Entered Level 10 of the Dungeon
  8082 | D:10     | Reached XP level 10. HP: 94/95 MP: 9/9
  8092 | D:10     | Reached skill level 10 in Unarmed Combat
  8723 | D:10     | Slain by a troll

Illustrated notes

Levels and vault maps discovered:
D:1:      kb_arrival_jail, layout_basic
D:2:      layout_rooms, lemuel_crystal_altar, doesnt_xom_only_xom,
          overflow_temple_1_default
D:3:      layout_loops_corners, nicolae_overflow_hidden_temple
D:4:      layout_cave_pools, nicolae_qazlal_general_emergency, vehumet_statue,
          lemuel_zombie_altar_yredelemnul, old_standard_altar, uniq_duvessa
D:5:      layout_loops_corners, minmay_shop_grid_forest
D:6:      layout_rooms, makhleb_blood_cavern_becter
D:7:      layout_loops_cross, led_sif_book, lemuel_doored_altar,
          minmay_temple_entry_wispy, basic_altar, chequers_ossuary_entry_cave,
          roderic_roman_lattice, uniq_joseph, uniq_menkaure
D:8:      layout_loops_cross, nicolae_gozag_seed_capital,
          okawaru_ov_weapons_minmay
D:9:      layout_roguey, kennysheep_mini_moat, lightli_corner_chamber
D:10:     layout_irregular_city, orc_0_dummy, eino_tiny_chamber,
          nicolae_tso_carved_into_rock
Temple:   compressed_dpeg_circular_temple

Skill      XL: |  1  2  3  4  5  6  7  8  9 10 |
---------------+-------------------------------+-----
Unarmed Combat | 1 2 3 4 5 6 8 9 10 | 10.5
Fighting       | 2 3 4 5 6 |  6.4
Throwing       | 4 5 |  5.7
Dodging        | 2 3 4 5 6 |  6.1
Stealth        | |  0.3

Action                   |  1- 3 |  4- 6 |  7- 9 | 10-12 || total
-------------------------+-------+-------+-------+-------++-------
Melee: Unarmed           |    75 |   194 |   407 |   100 ||   776
       Punch             |     1 |     4 |    10 |     3 ||    18
Throw: Large rock        |       |     4 |     6 |       ||    10
  Use: Potion            |       |       |     5 |       ||     5
       Scroll            |       |       |    13 |     1 ||    14
 Stab: Sleeping          |     1 |       |    10 |     2 ||    13
       Distracted        |       |       |     1 |       ||     1
Armor: Robe              |    29 |    71 |   113 |    21 ||   234
Dodge: Dodged            |    37 |    78 |   158 |    59 ||   332
Block: Other             |       |       |    35 |    10 ||    45
